 Dungeon Crawl Stone Soup version 0.28-a0-655-g4eb62b627b (webtiles) character file.

Game seed: 2035144712343824455

44 ytrimaz the Insei (level 3, -4/27 HPs)
             Began as a Djinni Transmuter on Oct 12, 2021.
             Slain by a kobold (5 damage)
             ... on level 2 of the Dungeon.
             The game lasted 00:04:29 (2561 turns).

ytrimaz the Insei (Djinni Transmuter)               Turns: 2561, Time: 00:04:29

Health: -4/27      AC:  2    Str:  9    XL:     3   Next: 85%
Gold:   64         EV: 12    Int: 15    God:
                   SH:  0    Dex: 13

rFire   + + .      SeeInvis .     - Unarmed
rCold   x . .      Faith    .   (no shield)
rNeg    . . .      Spirit   .   a - +0 robe
rPois   ∞          Reflect  .   (helmet currently unavailable)
rElec   .          Harm     .   (no cloak)
rCorr   .          Rampage  .   (no gloves)
Will    .....                   (boots unavailable)
Stlth   +.........              (no amulet)
HPRegen 0.09/turn               (no ring)
MPRegen 0.00/turn               (no ring)

@: appendages, flying
A: horns 2, flying, sickness immunity, fire resistance 2, cold vulnerability 1,
float, innate caster, hp casting, extra vitality 1
a: End Transformation


You were on level 2 of the Dungeon.
You had temporarily grown beastly horns.
You visited 1 branch of the dungeon, and saw 2 of its levels.

You collected 64 gold pieces.

Inventory:

Armour
 a - a +0 robe (worn)
 d - a +0 chain mail of fire resistance
Scrolls
 b - a scroll of teleportation {unknown}
 c - a scroll of identify {unknown}
 f - a scroll of amnesia {unknown}
Potions
 e - 2 potions of invisibility {unknown}
 g - 2 potions of cancellation {unknown}


   Skills:
 * Level 1.5 Fighting
 + Level 2.6 Dodging
 + Level 3.5 Unarmed Combat
 * Level 2.1 Spellcasting


You couldn't memorise any spells.
You knew the following spells:

 Your Spells              Type           Power      Damage    Failure   Level
a - Beastly Appendage     Tmut           16%        N/A       9%          1
b - Wereblood             Tmut           8%         N/A       14%         2
c - Spider Form           Tmut/Pois      4%         N/A       26%         3
d - Ice Form              Ice/Tmut       8%         N/A       65%         4
e - Sting                 Tmut/Pois      32%        1d4       9%          1
Your spell library was empty.

Dungeon Overview and Level Annotations

Branches:
Dungeon (2/15)

Altars:
Wu Jian


Innate Abilities, Weirdness & Mutations

You have temporarily grown beastly horns.
You are flying.
You are immune to sickness and miasma.
You are immune to poison.
Your flesh is very heat resistant. (rF++)
You are vulnerable to cold. (rC-)
You float through the air rather than walking.
You learn spells naturally, not from books.
Your magical power is your life essence.
You have superior vitality. (+4 HP)


Message History

The kobold misses you.
There is a shaft here.
There is a stone staircase leading down here.
There is an open door here.
There is an open door here.
The kobold barely misses you.
There is an open door here.
Casting: Beastly Appendage (safe; 9% risk of failure)
Confirm with . or Enter, or press ? or * to list all spells.
You grow a pair of large bovine horns.
The kobold closely misses you.
You hit the kobold but do no damage. Your headbutt misses the kobold.
The kobold hits you with a +2 short sword of protection.
You hit the kobold but do no damage. The kobold closely misses you.
You barely miss the kobold.
The kobold hits you with a +2 short sword of protection.
Casting: Beastly Appendage (safe; 9% risk of failure)
Confirm with . or Enter, or press ? or * to list all spells.
Aiming: Sting (safe; 9% risk of failure)
Press: ? - help, Shift-Dir - straight line, f - kobold
Aim: a kobold, wielding a +2 short sword of protection (60% to hit)
The sting misses the kobold.
The kobold hits you with a +2 short sword of protection.
* * * LOW HITPOINT WARNING * * *
You hit the kobold.
The kobold is moderately wounded.
You closely miss the kobold. Your headbutt misses the kobold.
The kobold is moderately wounded.
The kobold hits you with a +2 short sword of protection.
* * * LOW HITPOINT WARNING * * *
Casting: Sting (safe; 9% risk of failure)
Confirm with . or Enter, or press ? or * to list all spells.
Aiming: Sting (safe; 9% risk of failure)
Press: ? - help, Shift-Dir - straight line, f/p - kobold
Aim: a kobold, wielding a +2 short sword of protection (moderately wounded, 60% to hit)
The sting hits the kobold but does no damage.
The kobold is poisoned.
The kobold is moderately wounded.
* * * LOW HITPOINT WARNING * * *
The kobold hits you with a +2 short sword of protection.
You die...

#######'##### #.# #...#
###.## #...# #....# #...#
#....## ##...# #.....#
#....# #...#.## #.....
#.#### #...#..### #.....
#.#######........# #.....
#####..........K@....#
#.....
.....................#
#.....
.....................#
#.....
.....................#
#..†..
.....)...............#
#.....
###########'#........##+#
#..... .......#
#.#<>......##.# ###..#
.......# #.########.##.#
##.....
.......####......†...##.#
#......


You could see a kobold (poisoned).

Vanquished Creatures
  An adder (D:2)
  A worm (D:2)
  2 dart slugs (D:1)
  2 endoplasms
  2 giant cockroaches (D:1)
  3 goblins (D:2)
  A hobgoblin (D:1)
  A kobold (D:2)
  2 quokkas (D:1)
  A ball python (D:2)
  7 bats
  3 rats
26 creatures vanquished.

Notes
Turn   | Place    | Note
-------+----------+-------------------------------------------
     0 | D:1      | ytrimaz the Djinni Transmuter began the quest for the Orb.
     0 | D:1      | Reached XP level 1. HP: 17/17 MP: 0/0
   413 | D:1      | Reached XP level 2. HP: 9/22 MP: 0/0
  1369 | D:1      | Reached XP level 3. HP: 22/27 MP: 0/0
  1369 | D:1      | Learned a level 1 spell: Sting
  1578 | D:2      | Found an ornate altar of the Wu Jian Council.
  2067 | D:2      | Found a faded altar of an unknown god.
  2561 | D:2      | Slain by a kobold

Illustrated notes

Levels and vault maps discovered:
D:1:      psy_arrival_dodecagon, layout_basic
D:2:      layout_basic, basic_altar,
          hellmonk_ecumenical_altar_pennies_from_heaven

Skill      XL: |  1  2  3 |
---------------+----------+-----
Spellcasting   | 2 |  2.1
Fighting       | |  1.5
Dodging        | |  2.6
Unarmed Combat | |  3.5

Action                   || total
-------------------------++-------
Melee: Unarmed           ||   102
       Headbutt          ||     5
       Punch             ||     1
 Cast: Beastly Appendage ||    15
       Wereblood         ||     6
       Sting             ||    18
 Stab: Sleeping          ||     1
Armor: Robe              ||    32
Dodge: Dodged            ||    81

Table legend: (Time is in decaauts)
 A = Elapsed time spent in this place.
 B = Non-inter-level travel time spent in this place.
 C = Inter-level travel time spent in this place.
 D = Time resting spent in this place.
 E = Time spent auto-exploring this place.
 F = Levels seen in this place.
 G = Mean time per level.
                   A        B        C        D        E       F      G
               +--------+--------+--------+--------+--------+-----+--------+
         Total |   2553 |   2535 |     18 |      0 |   2050 |   2 | 1276.5 |
       Dungeon |   2553 |   2535 |     18 |      0 |   2050 |   2 | 1276.5 |
               +--------+--------+--------+--------+--------+-----+--------+

Top non-repeatable levels by time:
     D:1: 1571 daAuts
     D:2: 982 daAuts
